[Event "Late-Titled-Tuesday-Blitz-December-26-2023"]
[Site "Chess.com"]
[Date "2023.12.26"]
[Round "1"]
[White "SergioMoralesG"]
[Black "BardArtem"]
[Result "1-0"]
[WhiteElo "2410"]
[BlackElo "2675"]
[TimeControl "180+1"]
[EndTime "14:05:12 PST"]
[Termination "SergioMoralesG won by checkmate"]

1. d4 d5 2. c4 e6 3. Nf3 Nf6 4.
Nc3 c5 5. e3 cxd4 6. exd4 Nc6 7.
Bg5 Be7 8. c5 O-O 9. Bb5 Bd7 10. O-O Ne4 11. Bf4 Nxc3 12. bxc3 b6 13. Bxc6 Bxc6 14. Ne5 Rc8 15. cxb6 Qxb6 16. Rb1 Qa6 17.
Nxc6 Rxc6 18. Qd2 Rfc8 19. Rb3 h6 20. Re1 Bf8 21. Re3 Rb6 22. h4 Qc4 23. Rxb6 axb6 24.
Rg3 Ra8 25. Bxh6 Rxa2 26. Rxg7+ Bxg7 27. Qg5 Kf8 28. Qd8# 1-0

[Event "Late-Titled-Tuesday-Blitz-December-26-2023"]
[Site "Chess.com"]
[Date "2023.12.26"]
[Round "1"]
[White "WPWPWP-2015"]
[Black "matagordo"]
[Result "1-0"]
[WhiteElo "2580"]
[BlackElo "2269"]
[TimeControl "180+1"]
[EndTime "14:05:17 PST"]
[Termination "WPWPWP-2015 won by checkmate"]

1. d4 Nf6 2. c4 d6 3. Nf3 g6 4. g3 Bf5 5. Bg2 Bg7 6. Nc3 Ne4 7. O-O Nxc3 8. bxc3 Be4 9. Qb3 c5 10. e3 Qb6 11. Ba3 Nc6 12. Nd2 Bxg2 13. Kxg2 O-O 14. Rab1 Rfc8 15. Ne4 Qc7 16. Qxb7 Na5 17. Qxc7 Rxc7 18.
dxc5 Nxc4 19. cxd6 exd6 20. Bxd6 Nxd6 21. Nxd6 Rxc3 22.
Rb7 f5 23. Nb5 Rc2 24. Rd1 Rxa2 25. Rdd7 Bf8 26. Nc7 Rc8 27. Ne6 Bb4 28. Rg7+ Kh8 29. Rxh7+ Kg8 30. Rbg7# 1-0

[Event "Late-Titled-Tuesday-Blitz-December-26-2023"]
[Site "Chess.com"]
[Date "2023.12.26"]
[Round "1"]
[White "Msb2"]
[Black "GlavkonVVS"]
[Result "1-0"]
[WhiteElo "3001"]
[BlackElo "2500"]
[TimeControl "180+1"]
[EndTime "14:05:18 PST"]
[Termination "Msb2 won by checkmate"]

1. d4 Nf6 2. c4 c5 3. d5 e6 4. Nc3 exd5 5. cxd5 d6 6. e4 g6 7. h3 Bg7 8. Nf3 O-O 9. Bd3 b5 10. Nxb5 Nxe4 11. Bxe4 Re8 12. Ng5 h6 13. Ne6 Bxe6 14.
dxe6 Rxe6 15. O-O Rxe4 16. Qd5 Rb4 17. Qxa8 Rxb5 18. Re1 Kh7 19. Qxa7 Nd7 20. Rb1 Ra5 21. Qb7 Rxa2 22. Qd5 Ra6 23. Qxf7 Ne5 24. Qd5 Qf6 25. Bd2 Rb6 26. Bc3 Qg5 27. Ra1 h5 28. Ra7 Kh6 29.
Bd2 Nf3+ 30. Qxf3 Qxd2 31. Ree7 Qc1+ 32. Kh2 Be5+ 33. g3 h4 34. Rh7+ Kg5 35. Qg4+ Kf6 36.
Raf7# 1-0

[Event "Late-Titled-Tuesday-Blitz-December-26-2023"]
[Site "Chess.com"]
[Date "2023.12.26"]
[Round "1"]
[White "MightyGMpretender"]
[Black "jlf287"]
[Result "1-0"]
[WhiteElo "2756"]
[BlackElo "2442"]
[TimeControl "180+1"]
[EndTime "14:05:18 PST"]
[Termination "MightyGMpretender won on time"]

1. Nf3 d5 2. b3 Nf6 3. Bb2 e6 4. e3 a6 5. d4 c5 6. Bd3 Nc6 7.
O-O Bd7 8. Nbd2 Be7 9. Ne5 O-O 10. f4 b5 11. dxc5 Bxc5 12. Qf3 Rc8 13. a3 Qe7 14.
Kh1 Rfd8 15. Qh3 g6 16. Rae1 Be8 17. b4 Bd6 18. Ndf3 a5 19. Ng5 axb4 20. Ng4 d4 21. Nxf6+ Qxf6 22. Qxh7+ Kf8 23. exd4 bxa3 24. Ba1 Nb4 25.
d5 Rc3 26. Rxe6 fxe6 27. Bxc3 e5 28. Ne6+ Qxe6 29. fxe5+ 1-0

[Event "Late-Titled-Tuesday-Blitz-December-26-2023"]
[Site "Chess.com"]
[Date "2023.12.26"]
[Round "1"]
[White "DmitryMaximov"]
[Black "Dzidzik2203"]
[Result "1-0"]
[WhiteElo "2752"]
[BlackElo "2443"]
[TimeControl "180+1"]
[EndTime "14:05:20 PST"]
[Termination "DmitryMaximov won by resignation"]

1. e4 c5 2. Nf3 d6 3. c3 Nf6 4.
Bc4 e6 5. Bd3 Nc6 6. Bc2 e5 7.
h3 Be7 8. O-O O-O 9. d4 a6 10.
d5 Nb8 11. a4 Nbd7 12. c4 g6 13.
Bh6 Re8 14. Nc3 Bf8 15. Qd2 Bxh6 16. Qxh6 Qe7 17. Ne2 Qf8 18. Qd2 a5 19. Ng3 b6 20.
Ra3 Qg7 21. Nh4 h6 22. Ngf5 gxf5 23. Rg3 f4 24. Rxg7+ Kxg7 25. Nf5+ Kh7 26. Nxd6 Rg8 27. Kh2 Ba6 28. b3 Rg7 29. Nf5 Rg6 30. g4 Rgg8 31. f3 Rgd8 32. Qf2 Rg8 33. Rg1 Rg5 34. Qh4 Rg6 35. g5 Ng8 36. gxh6 Rxg1 37. Kxg1 Ngf6 38. Ne7 Re8 39. d6 Rg8+ 40. Nxg8 Kxg8 41. Qg5+ 1-0

[Event "Late-Titled-Tuesday-Blitz-December-26-2023"]
[Site "Chess.com"]
[Date "2023.12.26"]
[Round "1"]
[White "OneTrickPony_82"]
[Black "Bauman_Guy"]
[Result "0-1"]
[WhiteElo "2492"]
[BlackElo "2920"]
[TimeControl "180+1"]
[EndTime "14:05:27 PST"]
[Termination "Bauman_Guy won by resignation"]

1. d4 Nf6 2. c4 e6 3. Nf3 d5 4. Nc3 c5 5. cxd5 Nxd5 6. e4 Nxc3 7. bxc3 cxd4 8. cxd4 Bb4+ 9. Bd2 Bxd2+ 10. Qxd2 O-O 11. Rd1 Nd7 12. Bd3 b6 13. O-O Bb7 14. Rfe1 Rc8 15.
h3 Qe7 16. d5 Nc5 17. Bb1 exd5 18. exd5 Qf6 19. Ng5 g6 20. d6 Rcd8 21. Ne4 Bxe4 22. Bxe4 Rfe8 23. Bd5 Rxe1+ 24. Qxe1 Rxd6 25. Qe8+ Kg7 26.
h4 Rd8 27. Qe3 Qxh4 28. Rd4 Qf6 29. g3 Ne6 30. Bxe6 0-1

[Event "Late-Titled-Tuesday-Blitz-December-26-2023"]
[Site "Chess.com"]
[Date "2023.12.26"]
[Round "1"]
[White "FoxOnTheRun97"]
[Black "AkatsukiLogHorizon"]
[Result "1-0"]
[WhiteElo "2559"]
[BlackElo "2208"]
[TimeControl "180+1"]
[EndTime "14:05:37 PST"]
[Termination "FoxOnTheRun97 won by resignation"]

1. d4 Nf6 2. Bg5 Ne4 3. h4 d5 4. Nd2 Nxg5 5. hxg5 Bf5 6. e3 e6 7.
f4 Bd6 8. g4 Bg6 9. Ngf3 Nd7 10. Bd3 Bxd3 11. cxd3 c5 12. dxc5 Nxc5 13. Qe2 Qb6 14.
d4 Nd7 15. O-O-O O-O-O 16. Kb1 Kb8 17. Qd3 g6 18. Rc1 f5 19. gxf6 Nxf6 20. Ng5 Rde8 21. Nf7 Rhf8 22. Nxd6 Qxd6 23. g5 Nh5 24. Nf3 Re7 25.
Ne5 Rc7 26. Rxc7 Qxc7 27. Rc1 Qd6 28. Qb5 a6 29. Qd7 Qb4 30. a3 Qb3 31. Qd6+ 1-0

[Event "Late-Titled-Tuesday-Blitz-December-26-2023"]
[Site "Chess.com"]
[Date "2023.12.26"]
[Round "1"]
[White "Crasyhealer"]
[Black "Iball95"]
[Result "0-1"]
[WhiteElo "2458"]
[BlackElo "2829"]
[TimeControl "180+1"]
[EndTime "14:05:38 PST"]
[Termination "Iball95 won by resignation"]

1. c4 e6 2. g3 d5 3. Bg2 Nf6 4.
d4 c5 5. cxd5 exd5 6. Nf3 Nc6 7.
O-O Be7 8. dxc5 Bxc5 9. Nbd2 O-O 10.
Nb3 Bb6 11. Nfd4 Re8 12. Bg5 Bg4 13. Re1 h6 14. Bf4 g5 15. Be3 Rxe3 16. fxe3 Qe7 17. Qd3 Ne5 18. Qd2 Nc4 19. Qd3 Nxe3 20. Kh1 Re8 21.
Bf3 Bh3 22. Rac1 Qe5 23. Rc3 g4 24. Bxd5 Qxd5+ 25. Nf3 gxf3 26. Qxd5 Bg2+ 0-1

[Event "Late-Titled-Tuesday-Blitz-December-26-2023"]
[Site "Chess.com"]
[Date "2023.12.26"]
[Round "1"]
[White "sebastianmarinp"]
[Black "GABUZYAN_CHESSMOOD"]
[Result "0-1"]
[WhiteElo "2476"]
[BlackElo "2899"]
[TimeControl "180+1"]
[EndTime "14:05:39 PST"]
[Termination "GABUZYAN_CHESSMOOD won by resignation"]

1. d4 Nf6 2. c4 e6 3. Nf3 b6 4.
Qa4 Bb7 5. g3 c5 6. dxc5 Bxc5 7.
Bg2 Nc6 8. O-O O-O 9. Nc3 h6 10. Bf4 d6 11. Rad1 Qe7 12. a3 a5 13. Nb5 Rfd8 14.
h3 Nh5 15. Kh2 Nxf4 16. gxf4 Qf6 17. e3 Qxb2 18. Nfd4 Bxd4 19. exd4 Rac8 20. Rd3 Ba8 21. Kg3 Ne7 22. Bxa8 Nf5+ 23. Kg2 Rxa8 24. Rfd1 Qe2 25. R1d2 Ne3+ 26. Kg3 Nf1+ 0-1

[Event "Late-Titled-Tuesday-Blitz-December-26-2023"]
[Site "Chess.com"]
[Date "2023.12.26"]
[Round "1"]
[White "Kildepiotr"]
[Black "IranianCheetah"]
[Result "1-0"]
[WhiteElo "2662"]
[BlackElo "2355"]
[TimeControl "180+1"]
[EndTime "14:05:40 PST"]
[Termination "Kildepiotr won on time"]

1. Nf3 Nf6 2. g3 g6 3. Bg2 Bg7 4. O-O O-O 5. d4 d5 6. c4 c6 7.
Nc3 Nbd7 8. cxd5 cxd5 9. Qb3 e6 10. Bf4 Nb6 11. Ne5 Nfd7 12. Rac1 Nxe5 13. Bxe5 Nc4 14. Bxg7 Kxg7 15. Rfd1 Bd7 16. e4 Na5 17. Qb4 dxe4 18. d5 exd5 19. Nxd5 Bg4 20. Qd4+ f6 21. Rc7+ Rf7 22. Rdc1 Bf3 23. Bxf3 exf3 24. Rxf7+ Kxf7 25. Rc7+ Kf8 26. Qc5+ Kg8 27. Qxa5 b6 28. Qd2 f5 29. Qh6 1-0

[Event "Late-Titled-Tuesday-Blitz-December-26-2023"]
[Site "Chess.com"]
[Date "2023.12.26"]
[Round "1"]
[White "guillembaches"]
[Black "Shankland"]
[Result "0-1"]
[WhiteElo "2495"]
[BlackElo "2953"]
[TimeControl "180+1"]
[EndTime "14:05:50 PST"]
[Termination "Shankland won by checkmate"]

1. d4 Nf6 2. Nf3 e6 3. Bg5 b6 4. Nbd2 Bb7 5. e3 h6 6. Bh4 d6 7.
Bxf6 Qxf6 8. Bd3 Nd7 9. Qe2 a6 10. c3 g6 11. O-O-O Bg7 12. h4 O-O 13. g4 Qe7 14.
Kb1 c5 15. Rhe1 b5 16. Bc2 Rab8 17. h5 g5 18. Ka1 Rfc8 19. Rc1 a5 20. Qd3 Nf6 21.
Nh2 b4 22. c4 d5 23. cxd5 exd5 24. Qf5 Rc7 25. Ndf3 Ne4 26. Bxe4 dxe4 27. Ne5 cxd4 28. Rxc7 Qxc7 29. exd4 a4 30. Nf1 Rc8 31. Nd2 a3 32.
Ndc4 Bxe5 33. Nxe5 Qc1+ 34. Rxc1 Rxc1# 0-1

[Event "Late-Titled-Tuesday-Blitz-December-26-2023"]
[Site "Chess.com"]
[Date "2023.12.26"]
[Round "1"]
[White "rezamahdavi2008"]
[Black "WindWhistler11"]
[Result "1-0"]
[WhiteElo "2862"]
[BlackElo "2466"]
[TimeControl "180+1"]
[EndTime "14:05:50 PST"]
[Termination "rezamahdavi2008 won by resignation"]

1. Nf3 Nf6 2. c4 e6 3. g3 a6 4. Bg2 b5 5. b3 Bb7 6. Na3 b4 7. Nc2 c5 8. d4 Be7 9. a3 a5 10. O-O Na6 11. Bb2 O-O 12. axb4 Nxb4 13. dxc5 Bxc5 14.
Nxb4 Bxb4 15. Bxf6 gxf6 16. Qd4 Qe7 17. Rfd1 Rfd8 18.
Rac1 Bc5 19. Qg4+ Kh8 20. Qh5 Be4 21. Nh4 Bg6 22. Qh6 Rab8 23. Rc3 Qe8 24. Nxg6+ fxg6 25. Rcd3 Bf8 26. Qf4 Be7 27. h4 d6 28. Qe3 Qf7 29. Qa7 Ra8 30. Bxa8 1-0

[Event "Late-Titled-Tuesday-Blitz-December-26-2023"]
[Site "Chess.com"]
[Date "2023.12.26"]
[Round "1"]
[White "yaguigor"]
[Black "GMJustin"]
[Result "1-0"]
[WhiteElo "2571"]
[BlackElo "2241"]
[TimeControl "180+1"]
[EndTime "14:05:51 PST"]
[Termination "yaguigor won on time"]

1. e4 c5 2. Nf3 d6 3. d4 cxd4 4.
Nxd4 Nf6 5. Nc3 a6 6. f3 e5 7. Nb3 Be6 8. Be3 Be7 9. Qd2 O-O 10. O-O-O b5 11. g4 b4 12. Nd5 Bxd5 13. exd5 a5 14. Kb1 a4 15. Nc1 Qa5 16. g5 Nfd7 17. h4 Na6 18. h5 Nac5 19. Rh4 b3 20. cxb3 axb3 21.
Qxa5 Rxa5 22. Nxb3 Nxb3 23. axb3 Rb8 24. Ra4 1-0

[Event "Late-Titled-Tuesday-Blitz-December-26-2023"]
[Site "Chess.com"]
[Date "2023.12.26"]
[Round "1"]
[White "Sanyura"]
[Black "Viktor_Poddubnyi"]
[Result "1-0"]
[WhiteElo "2611"]
[BlackElo "2308"]
[TimeControl "180+1"]
[EndTime "14:05:53 PST"]
[Termination "Sanyura won on time"]

1. Nf3 g6 2. g3 Bg7 3. d4 Nf6 4. Bg2 O-O 5. O-O d6 6. c4 Nc6 7. Nc3 Bg4 8. d5 Na5 9. b3 Nxd5 10. Nxd5 Bxa1 11. Bh6 Bh8 12. Bxf8 Kxf8 13. Qd2 Bxf3 14.
Bxf3 Nc6 15. Bg2 e6 16. Nc3 Qe7 17. h4 h5 18. Kh2 Rb8 19. f4 Nd4 20. e3 Nf5 21. e4 Nh6 22. Bf3 Qf6 23. e5 dxe5 24. fxe5 Ng4+ 25. Kg2 Qxe5 26. Bxg4 hxg4 27. Ne2 Qb2 28.
Qxb2 Bxb2 29. Nf4 Kg7 30. Rd1 1-0

[Event "Late-Titled-Tuesday-Blitz-December-26-2023"]
[Site "Chess.com"]
[Date "2023.12.26"]
[Round "1"]
[White "Vision_64"]
[Black "ahkashefi2800"]
[Result "0-1"]
[WhiteElo "2305"]
[BlackElo "2610"]
[TimeControl "180+1"]
[EndTime "14:05:53 PST"]
[Termination "ahkashefi2800 won by resignation"]

1. e4 e5 2. Nf3 Nc6 3. d4 exd4 4. Nxd4 Bc5 5. Nb3 Bb6 6. Nc3 d6 7. Qe2 Nf6 8. Be3 O-O 9. O-O-O Re8 10. f3 Be6 11. g4 Nd7 12. h4 Nce5 13. Nd5 Bxd5 14. Rxd5 Qf6 15. Bg2 Bxe3+ 16. Qxe3 Nc4 17. Qd4 Qf4+ 18. Kb1 Ne3 19. Rg5 Ne5 20. Bh3 h6 21.
Rh5 Nxf3 22. Qc3 Rxe4 23. Nd2 Nxd2+ 24. Qxd2 Rae8 25. Rc1 Nc4 26. Qc3 Qxc1+ 27. Kxc1 Re1+ 0-1

[Event "Late-Titled-Tuesday-Blitz-December-26-2023"]
[Site "Chess.com"]
[Date "2023.12.26"]
[Round "1"]
[White "vugarrasulov"]
[Black "Romadk"]
[Result "1-0"]
[WhiteElo "2919"]
[BlackElo "2492"]
[TimeControl "180+1"]
[EndTime "14:05:55 PST"]
[Termination "vugarrasulov won by checkmate"]

1. e4 Nf6 2. e5 Nd5 3. d4 d6 4. Nf3 g6 5. Bc4 Nb6 6. Bb3 Bg7 7. Ng5 e6 8. exd6 Qxd6 9. c3 O-O 10. O-O Nc6 11.
Nd2 Na5 12. Bc2 Nac4 13. Nde4 Qe7 14. b3 Nd6 15. Ba3 h6 16. Nxd6 cxd6 17. Ne4 Rd8 18.
c4 Qc7 19. Nxd6 Rxd6 20. Bxd6 Qxd6 21. c5 Qxd4 22. cxb6 Qxa1 23. Qd8+ Kh7 24. Rxa1 Bxa1 25. bxa7 Kg7 26. g3 Bf6 27. Qe8 b6 28. Qc6 Rxa7 29.
Qxc8 Rxa2 30. Qc4 Ra1+ 31. Kg2 h5 32. h4 Rc1 33. Qe4 Ra1 34. Bd3 Ra3 35. Bc4 b5 36.
Bxe6 fxe6 37. Qb7+ Kh6 38. Qxb5 Ra1 39. Qc6 Re1 40. b4 Re2 41. Kf1 Rb2 42. Qxe6 Bd4 43.
Qd6 Rxf2+ 44. Ke1 Be3 45. Qe5 Bb6 46. Qh8# 1-0

[Event "Late-Titled-Tuesday-Blitz-December-26-2023"]
[Site "Chess.com"]
[Date "2023.12.26"]
[Round "1"]
[White "EsmeraldasAnderson03"]
[Black "Maitreia"]
[Result "0-1"]
[WhiteElo "2404"]
[BlackElo "2711"]
[TimeControl "180+1"]
[EndTime "14:05:55 PST"]
[Termination "Maitreia won by resignation"]

1. d4 Nf6 2. Nf3 g6 3. Bf4 Bg7 4. h3 O-O 5. e3 c5 6. Bh2 b6 7.
Bd3 Bb7 8. O-O d6 9. c3 Nbd7 10. Nbd2 cxd4 11. exd4 Re8 12. Re1 Qc7 13. Ne4 Rad8 14.
Qd2 e5 15. Rad1 Nxe4 16. Bxe4 Bxe4 17. Rxe4 f5 18. Ree1 e4 19. Ng5 h6 20. h4 hxg5 21. Qxg5 Nf8 22. Bf4 Ne6 23. Qg3 Nxf4 24. Qxf4 Qf7 25.
Re3 Kh7 26. Rh3 Bh6 27. Qh2 Qxa2 28. g4 fxg4 29. Rg3 Bf4 30. h5 g5 31. Qg2 Bxg3 32.
Qxg3 Qe6 33. Ra1 Rd7 34. Ra4 Rf7 35. d5 Qxd5 36. Rd4 Qe5 37. Qxg4 e3 0-1

[Event "Late-Titled-Tuesday-Blitz-December-26-2023"]
[Site "Chess.com"]
[Date "2023.12.26"]
[Round "1"]
[White "Dr_crypt"]
[Black "UmutErdemGunduz"]
[Result "0-1"]
[WhiteElo "2370"]
[BlackElo "2682"]
[TimeControl "180+1"]
[EndTime "14:05:55 PST"]
[Termination "UmutErdemGunduz won by resignation"]

1. d4 Nf6 2. Nf3 d5 3. c4 e6 4. Bf4 c6 5. Nbd2 Bb4 6. a3 Ba5 7.
e3 O-O 8. b4 Bc7 9. c5 Bxf4 10.
exf4 a5 11. Bd3 b6 12. O-O Ba6 13. Qc2 Nbd7 14. Ne5 Bxd3 15. Qxd3 Qc7 16. g3 Ra7 17. Rfc1 Nxe5 18. fxe5 Nd7 19. Qc3 Rfa8 20. Rab1 axb4 21.
axb4 Ra3 22. Nb3 bxc5 23. bxc5 f6 24. exf6 Nxf6 25. Ra1 Qb8 26. Rcb1 Ne4 27. Qb2 Rxa1 28. Rxa1 Rxa1+ 29. Qxa1 Qxb3 30. Qa8+ Kf7 31. Qa7+ Kg6 32. Qa1 Qc2 33. Qf1 Qd2 34. Qh3 Qxf2+ 35. Kh1 Qe1+ 36. Kg2 Qd2+ 37. Kg1 Qxd4+ 0-1

[Event "Late-Titled-Tuesday-Blitz-December-26-2023"]
[Site "Chess.com"]
[Date "2023.12.26"]
[Round "1"]
[White "Gyulamiryan-koryun"]
[Black "Championnn-9"]
[Result "0-1"]
[WhiteElo "2035"]
[BlackElo "2522"]
[TimeControl "180+1"]
[EndTime "14:06:01 PST"]
[Termination "Championnn-9 won on time"]

1. e4 c5 2. Nf3 Nc6 3. d4 cxd4 4. Nxd4 e6 5. Nc3 Nf6 6. f3 a6 7. a3 d5 8. Bg5 Be7 9. Nxc6 bxc6 10. e5 Nd7 11. Bxe7 Qxe7 12. f4 Rb8 13. b4 a5 14.
b5 Qc5 15. Qd3 O-O 16. a4 Nb6 17. bxc6 Qxc6 18. Nb5 Nc4 19. Be2 Qc5 20. Rb1 Ba6 21. Rf1 Rfc8 22. Rf3 Bxb5 23. axb5 Rxb5 24. Rxb5 Qxb5 25. Kf2 Qc5+ 26. Kg3 a4 27. Qc3 Qb5 28. Bxc4 Rxc4 29. Qd2 Qa6 30. Ra3 Re4 31. Qd3 Qb6 32. Qd2 g6 33. h4 Qc5 34. Rc3 Qg1 35.
Rc8+ Kg7 36. h5 gxh5 37. f5 Qe3+ 38. Qxe3 Rxe3+ 39. Kf4 Re4+ 40. Kg5 Rxe5 41. Kxh5 Rxf5+ 42. Kg4 Re5 43. Ra8 Re4+ 44. Kg5 Rc4 0-1

[Event "Late-Titled-Tuesday-Blitz-December-26-2023"]
[Site "Chess.com"]
[Date "2023.12.26"]
[Round "1"]
[White "anasta10"]
[Black "ilya2700"]
[Result "1-0"]
[WhiteElo "2627"]
[BlackElo "2332"]
[TimeControl "180+1"]
[EndTime "14:06:04 PST"]
[Termination "anasta10 won by resignation"]

1. Nf3 Nf6 2. d4 d5 3. c4 e6 4. Nc3 Be7 5. cxd5 exd5 6. Bg5 O-O 7. e3 Nbd7 8. Qc2 b6 9. Bd3 Bb7 10. O-O-O c5 11. Kb1 Rc8 12. h3 cxd4 13. exd4 Ne4 14.
Bxe7 Qxe7 15. Bxe4 dxe4 16. Nd2 Nf6 17. Rhe1 Rfe8 18.
Qb3 Qd7 19. Nc4 Nd5 20. Ne3 Nxc3+ 21. bxc3 Rc7 22. Rc1 Rec8 23. Red1 Bc6 24. Rd2 Ba4 25. Qb2 b5 26. Ka1 b4 27. c4 a5 28. c5 Rb8 29.
d5 Bb5 30. c6 Qd6 31. Qxg7+ Kxg7 32. Nf5+ Kf6 33. Nxd6 Ke5 34. Nxb5 Rxb5 35. d6 Rxc6 36. Rxc6 1-0

[Event "Late-Titled-Tuesday-Blitz-December-26-2023"]
[Site "Chess.com"]
[Date "2023.12.26"]
[Round "1"]
[White "katharinareinecke"]
[Black "Tunahan_Makaraci"]
[Result "0-1"]
[WhiteElo "2010"]
[BlackElo "2516"]
[TimeControl "180+1"]
[EndTime "14:06:04 PST"]
[Termination "Tunahan_Makaraci won by checkmate"]

1. d4 d5 2. c4 e6 3. Nf3 c5 4. cxd5 exd5 5. g3 Nf6 6. Bg2 Nc6 7. O-O Be7 8. Nc3 O-O 9. dxc5 Bxc5 10. a3 a6 11. b4 Ba7 12. Bb2 Re8 13. e3 Bg4 14.
h3 Bh5 15. Qb3 Bxf3 16. Bxf3 d4 17. Bxc6 bxc6 18. exd4 Bxd4 19. Na4 Bxb2 20. Qxb2 h5 21. Rad1 Qc7 22. h4 a5 23. Nc5 axb4 24. axb4 Nd5 25. Rfe1 Qb6 26. Rxe8+ Rxe8 27. Rb1 Qb5 28. Qd4 Qe2 29.
Ra1 Qf3 30. Ra6 Re1+ 31. Kh2 Rh1# 0-1

[Event "Late-Titled-Tuesday-Blitz-December-26-2023"]
[Site "Chess.com"]
[Date "2023.12.26"]
[Round "1"]
[White "maracayo"]
[Black "IlanSchnaider"]
[Result "0-1"]
[WhiteElo "2384"]
[BlackElo "2690"]
[TimeControl "180+1"]
[EndTime "14:06:05 PST"]
[Termination "IlanSchnaider won by resignation"]

1. e4 c5 2. Nf3 d6 3. Bb5+ Bd7 4. a4 Nf6 5. Qe2 g6 6. e5 dxe5 7. Nxe5 Bg7 8. O-O O-O 9. Nxd7 Nbxd7 10. d3 a6 11. Bc4 e6 12. Nc3 Re8 13. Bg5 h6 14. Bh4 Qb6 15. Ra3 Nd5 16. Rb3 Qc6 17.
a5 Ne5 18. Bg3 Nxc4 19. dxc4 Nxc3 20. bxc3 Rad8 21. Rfb1 Qa4 22. h3 Qxa5 23. Rxb7 Qxc3 24. Ra7 Rd2 25. Qg4 Qxc2 26. Rbb7 Rf8 27. Qxe6 Rd1+ 28. Kh2 Qc1 29. Bd6 Rh1+ 30. Kg3 Qg5+ 31. Qg4 Be5+ 32. Bxe5 Qxe5+ 33. Qf4 Qc3+ 34. Qf3 Qxc4 35. Rxa6 Qxa6 0-1

[Event "Late-Titled-Tuesday-Blitz-December-26-2023"]
[Site "Chess.com"]
[Date "2023.12.26"]
[Round "1"]
[White "Jospem"]
[Black "SandwichOSaumon"]
[Result "1-0"]
[WhiteElo "3083"]
[BlackElo "2508"]
[TimeControl "180+1"]
[EndTime "14:06:06 PST"]
[Termination "Jospem won by resignation"]

1. e4 c5 2. Nf3 d6 3. c3 Nf6 4.
h3 Nbd7 5. Bd3 g6 6. Bc2 Bg7 7. d4 e5 8. dxe5 dxe5 9. O-O O-O 10. a4 b6 11. Na3 Bb7 12. Qe2 Qe7 13. Nc4 Rad8 14.
Re1 Rfe8 15. Bg5 h6 16. Bh4 g5 17. Bg3 Nh5 18. Ne3 Nf4 19. Qc4 Nb8 20. a5 Ba6 21. Qa2 Qe6 22. axb6 Qxa2 23. Rxa2 axb6 24. Bb3 Bd3 25.
Nf5 Nc6 26. Re3 Bf8 27. Kh2 c4 28. Ba4 Re6 29. Bxc6 Rxc6 30. Nxe5 Re6 31. Nf3 Rxe4 32. Ra7 Rde8 33. Rb7 Bc5 34. Nxh6+ Kg7 35. Nxg5 Bxe3 36. fxe3 Kxh6 37. Nxe4 Nxg2 38. Nd6 Re6 39. Rxb6 Nxe3 40. Nxf7+ 1-0

[Event "Late-Titled-Tuesday-Blitz-December-26-2023"]
[Site "Chess.com"]
[Date "2023.12.26"]
[Round "1"]
[White "rasmussvane"]
[Black "zsoltkorpics"]
[Result "1-0"]
[WhiteElo "2900"]
[BlackElo "2477"]
[TimeControl "180+1"]
[EndTime "14:06:06 PST"]
[Termination "rasmussvane won on time"]

1. Nf3 Nf6 2. g3 d5 3. Bg2 c6 4. O-O Bg4 5. h3 Bh5 6. d4 Nbd7 7. c4 e6 8. cxd5 cxd5 9. Nc3 Be7 10. Qb3 Qb6 11. Ne5 O-O 12. g4 Bg6 13. g5 Nxe5 14.
gxf6 Bxf6 15. dxe5 Bxe5 16. Qxb6 axb6 17. Bd2 Rfc8 18.
Rfc1 Rc6 19. e4 d4 20. Nb5 d3 21. Bc3 Rc5 22. Bxe5 Rxe5 23. Nc3 b5 24. a3 Rc5 25. Rd1 Rd8 26. Rd2 f5 27. f3 fxe4 28. fxe4 b4 29. axb4 Rc4 30. b5 Rb4 31. Kf2 Rf8+ 32.
Ke3 Bh5 33. Ra4 Rb3 34. Rd4 e5 35. R4xd3 Rb4 36. Rd5 1-0

[Event "Late-Titled-Tuesday-Blitz-December-26-2023"]
[Site "Chess.com"]
[Date "2023.12.26"]
[Round "1"]
[White "Hrant_ChessMood"]
[Black "sakkikuska"]
[Result "1-0"]
[WhiteElo "2879"]
[BlackElo "2470"]
[TimeControl "180+1"]
[EndTime "14:06:07 PST"]
[Termination "Hrant_ChessMood won by resignation"]

1. Nf3 Nf6 2. c4 g6 3. Nc3 d5 4. cxd5 Nxd5 5. h4 Bg7 6. e4 Nxc3 7. dxc3 Qxd1+ 8. Kxd1 Bg4 9. Kc2 Nd7 10. Nd4 Nc5 11. f3 Bd7 12. h5 O-O-O 13. Be3 a6 14. Bc4 Ne6 15. Nxe6 Bxe6 16. Bxe6+ fxe6 17. Rh3 Bf6 18. Rah1 g5 19. h6 Rhg8 20. Rg3 Rg6 21. Rg4 Rdg8 22. Rh5 e5 23. a4 b5 24. axb5 axb5 25. Bc5 Kd7 26.
b4 c6 27. Kb3 e6 28. Rh1 Ra8 29. Rd1+ Kc7 30. Rh1 Kd7 31. Rg3 Kc7 32. Rgh3 g4 33. Rg3 gxf3 34. Rxg6 hxg6 35. gxf3 Rh8 36. h7 g5 37. Rh6 Bd8 38. Bf8 Rxf8 39. h8=Q 1-0

[Event "Late-Titled-Tuesday-Blitz-December-26-2023"]
[Site "Chess.com"]
[Date "2023.12.26"]
[Round "1"]
[White "ccccvhhhj"]
[Black "AlexanderL"]
[Result "0-1"]
[WhiteElo "2479"]
[BlackElo "2901"]
[TimeControl "180+1"]
[EndTime "14:06:09 PST"]
[Termination "AlexanderL won by resignation"]

1. e4 e6 2. Nf3 d5 3. e5 c5 4. b4 cxb4 5. a3 bxa3 6. Nxa3 Bd7 7. c3 Nc6 8. d4 a6 9. Bd3 Rc8 10. O-O Na5 11. Bd2 Ne7 12. Ne1 h5 13. f4 Nf5 14.
Nf3 Be7 15. Re1 g6 16. Bf1 Bc6 17. Ra2 Nc4 18. Nxc4 dxc4 19. Bc1 Bd5 20. Ba3 Bxa3 21. Rxa3 Qe7 22. Ra2 Kf8 23. Ng5 Kg7 24. Be2 Bxg2 25.
Bf3 Bxf3 26. Qxf3 Rcd8 27. Ne4 Rd5 28. Nf6 Rb5 29. d5 exd5 30. Nxd5 Qc5+ 31. Ne3 Rd8 32. Kh1 Nxe3 33. Rxe3 Qd5 34. Qxd5 Rdxd5 35. Kg2 Rd3 36. Kf3 Rbd5 37. Rb2 b5 38. Ra2 Rxe3+ 39. Kxe3 Rd3+ 40.
Ke4 Rxc3 41. Rxa6 Rc1 42. Ra7 Re1+ 43. Kd5 c3 44. Rc7 b4 45. Rc6 b3 46. Rc7 b2 47.
Rxc3 b1=Q 48. Rc6 Qe4+ 0-1

[Event "Late-Titled-Tuesday-Blitz-December-26-2023"]
[Site "Chess.com"]
[Date "2023.12.26"]
[Round "1"]
[White "McCarthyStone"]
[Black "kingofthenil"]
[Result "1-0"]
[WhiteElo "2416"]
[BlackElo "2686"]
[TimeControl "180+1"]
[EndTime "14:06:14 PST"]
[Termination "McCarthyStone won by checkmate"]

1. b3 e5 2. Bb2 Nc6 3. e3 h5 4. Nf3 e4 5. Nd4 Nf6 6. Nxc6 dxc6 7. d3 Bb4+ 8. Nd2 Bg4 9. Qc1 Qe7 10.
a3 Bd6 11. h3 Bf5 12. Nc4 O-O-O 13. Nxd6+ Rxd6 14. d4 h4 15. Be2 Rh6 16. c4 Rg6 17.
Bf1 Qe6 18. Qc3 Rd7 19. O-O-O Ne8 20. Rd2 b6 21. a4 Kb7 22. a5 Nd6 23. d5 Qe8 24.
dxc6+ Kxc6 25. c5 bxc5 26. Ba3 Nb7 27. Rxd7 Qxd7 28. a6 Rd6 29. Be2 Rd5 30. axb7 Kxb7 31. Rd1 Be6 32. Rxd5 Qxd5 33. Bxc5 Qg5 34. Qb4+ Kc8 35.
Ba6+ Kd8 36. Qb8+ Kd7 37. Bb5+ c6 38. Qd6+ Ke8 39. Bxc6+ Bd7 40. Qxd7# 1-0

[Event "Late-Titled-Tuesday-Blitz-December-26-2023"]
[Site "Chess.com"]
[Date "2023.12.26"]
[Round "1"]
[White "ZuraTqebuchava"]
[Black "pedromartinez91"]
[Result "0-1"]
[WhiteElo "2161"]
[BlackElo "2544"]
[TimeControl "180+1"]
[EndTime "14:06:15 PST"]
[Termination "pedromartinez91 won on time"]

1. e4 d5 2. exd5 Qxd5 3. Nc3 Qd8 4. g3 Nf6 5. Bg2 g6 6. Nge2 Bg7 7. d3 O-O 8. O-O Nc6 9. h3 e5 10. Bg5 h6 11.
Bxf6 Bxf6 12. Qd2 Bg7 13. Rad1 Kh7 14. Kh2 h5 15. h4 Bg4 16. Ne4 Bh6 17. Ng5+ Kg7 18.
Bxc6 bxc6 19. f3 Bd7 20. f4 f6 21. Ne4 Qe7 22. Qc3 Rae8 23. Rde1 Qe6 24. Ng1 exf4 25.
Nc5 fxg3+ 26. Kxg3 Qg4+ 27. Kh2 Qxh4+ 28. Kg2 Bg4 29.
Rxe8 Rxe8 30. Ne4 Bf5 31. Qxc6 Rxe4 32. dxe4 Bxe4+ 0-1